 Dungeon Crawl Stone Soup version 0.31.0-9-g3a7656b989 (webtiles) character file.

Game seed: 4626340228684657776

322 qw the Skirmisher (level 6, 0/36 HPs)
             Began as a Deep Elf Hunter on Feb 2, 2024.
             Slain by a goblin
             ... wielding a +0 dagger
             ... led by Robin
              (1 damage)
             ... on level 4 of the Dungeon.
             The game lasted 00:00:11 (2881 turns).

qw the Skirmisher (Deep Elf Hunter)                 Turns: 2881, Time: 00:00:11

Health: 0/36       AC:  7    Str: 10    XL:     6   Next: 22%
Magic:  8/8        EV: 13    Int: 14    God:
Gold:   195        SH:  0    Dex: 18    Spells: 5/5 levels left

rFire   . . .        a - +0 shortbow
rCold   . . .        (shield currently unavailable)
rNeg    . . .        c - +0 leather armour
rPois   .            l - +2 hat
rElec   .            (no cloak)
rCorr   +            e - +1 pair of gloves
SInv    .            (no boots)
Will    .....        (no amulet)
Stlth   ++           j - ring of resist corrosion
HPRegen 0.26/turn    (no ring)
MPRegen 0.11/turn

%: no passive effects
@: no status effects
A: no striking features
a: no special abilities


You were on level 4 of the Dungeon.
You visited 1 branch of the dungeon, and saw 4 of its levels.

You collected 195 gold pieces.


   Skills:
 - Level 2.4 Fighting
 + Level 9.1 Ranged Weapons
 - Level 3.1 Dodging
 - Level 1.2 Stealth


You had 5 spell levels left.
You didn't know any spells.
Your spell library was empty.

Inventory:

Hand Weapons
 a - a +0 shortbow (weapon)
Armour
 b - a +0 pair of boots
 c - a +0 leather armour (worn)
 e - a +1 pair of gloves (worn)
 h - a +0 scale mail
 l - a +2 hat (worn)
Jewellery
 j - a ring of resist corrosion (left hand)
Scrolls
 i - a scroll of brand weapon {unknown}
Potions
 d - 2 potions of curing
 f - a potion of might {unknown}
 g - a potion of invisibility {unknown}
 k - a potion of cancellation
 m - a potion of mutation {unknown}

Dungeon Overview and Level Annotations

Branches:
Dungeon (4/15)
 Temple: D:4-7

Altars:

Annotations:
D:4 Robin


Message History

Robin says, "My goblins will feast on your bones."
The goblin misses you. x2; The goblin closely misses you. x2
The adder misses you.
You shoot an arrow.
The arrow hits the adder but does no damage.
The adder is almost dead.
The adder bites you but does no damage. The goblin barely misses you.
The goblin hits you but does no damage. The goblin closely misses you.
The goblin hits you but does no damage.
You shoot an arrow. The arrow barely misses the adder.
The adder bites you but does no damage.
The goblin hits you but does no damage. x2
The goblin closely misses you.
Robin's horned helmet rattles.
The goblin closely misses you. The adder barely misses you.
You shoot an arrow. The arrow hits the adder.
You kill the adder!
The goblin hits you but does no damage. The goblin barely misses you.
The goblin hits you but does no damage. x2
You shoot an arrow. The arrow hits the goblin.
You kill the goblin!
The goblin no longer looks unusually strong.
Robin roars a battlecry!
The goblin goes into a battle-frenzy!
The goblin misses you.
The goblin hits you but does no damage. x2
The goblin barely misses you.
You shoot an arrow. The arrow barely misses the hobgoblin.
The goblin hits you with a +0 dagger. The goblin closely misses you.
The hobgoblin hits you. The goblin misses you.
The goblin hits you but does no damage.
Robin's bangles clink loudly.
You shoot an arrow. The arrow closely misses the hobgoblin.
The goblin no longer looks unusually strong.
The goblin barely misses you. The goblin hits you with a +0 dagger.
The goblin misses you.
The hobgoblin hits you but does no damage.
The goblin completely misses you.
You shoot an arrow.
The arrow hits the hobgoblin but does no damage.
The goblin hits you with a +0 dagger.
You die...

##......##.#.........##
##..#..#.
##.......#.#..........#
..###.#.
.......)...............#
### #...
#..........#.........#...
.#..
#.......>###....)...##...
##.
#.....#.###ยค.##.....#...
......### #.###.........
#......# #.# ##gg......
##..#.## ... #@gg.....
.####.# .... #gg...... .#
.# #....


ggg)..... .# =.##...S....... .. .. ........... ... ............ .o.o
.##.#........ ..... ## #.........# You could see Robin, 2 hobgoblins, 6 goblins
and a ball python.

Vanquished Creatures
  A phantom (D:4)
  A bombardier beetle (D:4)
  A gnoll bouda (D:4)
  An orc priest (D:4)
  An orc wizard (D:4)
  2 adders (D:4)
  3 gnolls (D:4)
  2 ribbon worms (D:2)
  2 dart slugs
  3 orcs (D:4)
  5 ball pythons
  6 bats
  9 endoplasms
  A giant cockroach (D:2)
  6 goblins
  7 hobgoblins
  2 jackals (D:1)
  7 kobolds
  4 quokkas
  A frilled lizard (D:2)
  6 rats
71 creatures vanquished.

Notes
Turn   | Place    | Note
-------+----------+-------------------------------------------
     0 | D:1      | qw the Deep Elf Hunter began the quest for the Orb.
     0 | D:1      | Reached XP level 1. HP: 12/12 MP: 3/3
     0 | D:1      | 0 ||| qw: Version: 0.3-a-155-g5e7d8dd
     0 | D:1      | 0 ||| qw: Game counter: 2131
     0 | D:1      | 0 ||| qw: Melee chars always use a shield: true
     0 | D:1      | 0 ||| qw: God list: Okawaru
     0 | D:1      | 0 ||| qw: Allow faded altars: false
     0 | D:1      | 0 ||| qw: Do Orc after clearing Dungeon:15 true
     0 | D:1      | 0 ||| qw: Do second Lair branch before Depths: true
     0 | D:1      | 0 ||| qw: Lair rune preference: random
     0 | D:1      | 0 ||| qw: Goals: Normal
     0 | D:1      | 0 ||| PLANNING D:1-11
   192 | D:1      | Reached skill level 6 in Ranged Weapons
   192 | D:1      | Reached XP level 2. HP: 16/16 MP: 4/4
   953 | D:1      | 953 ||| UPGRADING to +0 pair of gloves.
   958 | D:1      | 958 ||| READING scroll labelled OMOCER EFOXT.
   959 | D:1      | 959 ||| READING 3 scrolls labelled UDATANAMAS.
   959 | D:1      | 959 ||| IDENTIFYING pink potion
   960 | D:1      | 960 ||| READING 2 scrolls of identify.
   960 | D:1      | 960 ||| IDENTIFYING fuming red potion
   961 | D:1      | 961 ||| READING scroll of identify.
   961 | D:1      | 961 ||| IDENTIFYING scroll labelled XONEMN VYLESE
   962 | D:1      | 962 ||| READING scroll labelled WUESYSHR LOAN.
   967 | D:1      | 967 ||| READING scroll labelled XEBBUU UDOE.
  1068 | D:1      | 1068 ||| READING scroll labelled MYPICI ESMOTODGH.
  1069 | D:1      | 1069 ||| READING scroll labelled LILARCH CELONY.
  1070 | D:1      | 1070 ||| DROPPING scroll of butterflies.
  1071 | D:1      | 1071 ||| DROPPING scroll of fog.
  1147 | D:2      | Reached XP level 3. HP: 20/20 MP: 5/5
  1671 | D:2      | Reached skill level 7 in Ranged Weapons
  1749 | D:2      | 1749 ||| UPGRADING to +2 hat.
  1754 | D:2      | 1754 ||| UPGRADING to ring of resist corrosion.
  1755 | D:2      | 1755 ||| READING 3 scrolls of identify.
  1755 | D:2      | 1755 ||| IDENTIFYING black potion
  1756 | D:2      | 1756 ||| READING 2 scrolls of identify.
  1756 | D:2      | 1756 ||| IDENTIFYING scroll labelled YVY YXZIUVUSSI
  1757 | D:2      | 1757 ||| READING scroll of identify.
  1757 | D:2      | 1757 ||| IDENTIFYING scroll labelled CATEDW WAFROEJ
  1758 | D:2      | 1758 ||| READING scroll labelled KUKEYH FOPNIAC.
  1797 | D:2      | 1797 ||| DROPPING scroll of poison.
  1798 | D:2      | 1798 ||| DROPPING scroll of summoning.
  1799 | D:2      | 1799 ||| DROPPING potion of degeneration.
  1967 | D:3      | Found a faded altar of an unknown god.
  2398 | D:3      | 2398 ||| READING scroll labelled IRRONTUTUNG.
  2398 | D:3      | 2398 ||| ENCHANTING +0 pair of gloves.
  2436 | D:4      | Reached XP level 4. HP: 25/25 MP: 6/6
  2481 | D:4      | Reached skill level 8 in Ranged Weapons
  2611 | D:4      | Reached XP level 5. HP: 29/29 MP: 7/7
  2810 | D:4      | 2810 ||| FLEEEEING.
  2811 | D:4      | 2811 ||| FLEEEEING.
  2818 | D:4      | Reached skill level 9 in Ranged Weapons
  2822 | D:4      | Reached skill level 3 in Dodging
  2823 | D:4      | 2823 ||| FLEEEEING.
  2831 | D:4      | 2831 ||| FLEEEEING.
  2832 | D:4      | 2832 ||| FLEEEEING.
  2833 | D:4      | 2833 ||| FLEEEEING.
  2834 | D:4      | 2834 ||| FLEEEEING.
  2835 | D:4      | 2835 ||| FLEEEEING.
  2836 | D:4      | 2836 ||| FLEEEEING.
  2837 | D:4      | 2837 ||| FLEEEEING.
  2838 | D:4      | 2838 ||| FLEEEEING.
  2839 | D:4      | 2839 ||| FLEEEEING.
  2852 | D:4      | Noticed a phantom
  2864 | D:4      | Noticed Robin
  2868 | D:4      | Killed a phantom
  2869 | D:4      | Reached XP level 6. HP: 29/36 MP: 8/8
  2879 | D:4      | HP: 7/36 [goblin/+0 dagger[Robin] (5)]
  2879 | D:4      | HP: 2/36 [hobgoblin (5)]
  2881 | D:4      | Slain by a goblin

Levels and vault maps discovered:
D:1:      elethiomel_arrival_infinity_welcomes_careful_drivers, layout_basic
D:2:      layout_basic
D:3:      layout_loops_ring, ebering_ecumenical_altar_sacrificial
D:4:      layout_cave_pools, uniq_robin

Skill      XL: |  1  2  3  4  5 |
---------------+----------------+-----
Ranged Weapons | 6 7 8 9 |  9.1
Dodging        | 3 |  3.1
Fighting       | 2 |  2.4
Stealth        | |  1.2

Action                     |  1- 3 |  4- 6 || total
---------------------------+-------+-------++-------
   Fire: Shortbow          |   121 |    97 ||   218
    Use: Scroll            |    13 |       ||    13
 Armour: Leather armour    |    18 |    45 ||    63
  Dodge: Dodged            |    25 |    50 ||    75

Table legend:
 A = Non-vault XP
 B = Vault XP
 C = Vault XP percentage of total XP
 D = Non-vault monster count
 E = Vault monster count
 F = Vault count percentage of total count
                 A         B        C        D         E       F
            +---------+---------+-------+---------+---------+-------
      Total |     456 |       4 |   0.9 |      69 |       2 |   2.8
            +---------+---------+-------+---------+---------+-------
        D:1 |      33 |       0 |   0.0 |      20 |       0 |   0.0
        D:2 |      30 |       0 |   0.0 |      14 |       0 |   0.0
        D:3 |      28 |       0 |   0.0 |      15 |       0 |   0.0
        D:4 |     365 |       4 |   1.1 |      20 |       2 |   9.1
            +---------+---------+-------+---------+---------+-------
